 Dungeon Crawl Stone Soup version 0.28-a0-604-g249bb1af34 (webtiles) character file.

Game seed: 5277561940458703099

4 CurlyBrace the Sneak (level 1, 0/7 HPs)
             Began as a Felid Fire Elementalist on Oct 5, 2021.
             Slain by a goblin (5 damage)
             ... on level 1 of the Dungeon.
             The game lasted 00:01:06 (163 turns).

CurlyBrace the Sneak (Felid Fire Elementalist)       Turns: 163, Time: 00:01:06

Health: 0/7        AC:  1    Str:  4    XL:     1   Next: 58%
Magic:  4/4        EV: 17    Int: 16    God:
Gold:   11         SH:  0    Dex: 16    Spells: 3/4 levels left
                                        Lives:  0   Deaths: 0

rFire   . . .      SeeInvis +   (weapon unavailable)
rCold   . . .      Faith    .   (shield unavailable)
rNeg    . . .      Spirit   .   (armour unavailable)
rPois   .          Reflect  .   (helmet unavailable)
rElec   .          Harm     .   (cloak unavailable)
rCorr   .          Rampage  .   (gloves unavailable)
Will    .....                   (boots unavailable)
Stlth   ++........              (no amulet)
HPRegen 0.02/turn               (no ring)
MPRegen 0.09/turn               (no ring)

@: quick
A: very small, claws 1, fangs 3, see invisible, speed 1, shaggy fur 1, stealthy
paws, no weapons or thrown items, no armour, multi-lived
a: no special abilities


You were on level 1 of the Dungeon.
You visited 1 branch of the dungeon, and saw 1 of its levels.

You collected 11 gold pieces.

You aren't carrying anything.


   Skills:
 - Level 2.6 Dodging
 + Level 2.8 Stealth
 * Level 2.1 Spellcasting
 + Level 1.0 Conjurations
 * Level 2.8 Fire Magic


You had 3 spell levels left.
You knew the following spells:

 Your Spells              Type           Power      Damage    Failure   Level
a - Foxfire               Conj/Fire      28%        2x1d5     10%         1

Your spell library contained the following spells:

 Spells                   Type           Power      Damage    Failure   Level
 Scorch                   Fire           20%        2d6       10%         2
 Conjure Flame            Conj/Fire      7%         6-21      28%         3
 Inner Flame              Hex/Fire       6%         N/A       34%         3
 Flame Wave               Conj/Fire      7%         3d4       67%         4


Dungeon Overview and Level Annotations

Branches:
Dungeon (1/15)

Altars:


Innate Abilities, Weirdness & Mutations

You have sharp claws.
You have razor-sharp teeth.
You have supernaturally acute eyesight. (SInv)
You cover ground quickly. (Speed+)
You are covered in fur. (AC +1)
Your paws help you pounce on unaware monsters.
You are incapable of wielding weapons or throwing items.
You cannot wear armour.
You gain extra lives every three experience levels.


Message History

You kill the kobold!
Found 11 gold pieces.
You see here 11 gold pieces.
You now have 11 gold pieces.
A goblin comes into view. It is wielding a +0 club.
You pounce on the unaware helpless goblin!
You scratch the goblin.
You kill the goblin!
A frilled lizard comes into view.
The frilled lizard hisses angrily.
Casting: Foxfire (safe; 10% risk of failure)
Confirm with . or Enter, or press ? or * to list all spells.
You conjure some foxfire!
The foxfire hits the frilled lizard.
You kill the frilled lizard!
Your foxfire dissipates!
You see here a frilled lizard corpse.
You open the door.
A hobgoblin comes into view.
There is an open door here.
You pounce on the unaware helpless hobgoblin!
You scratch the hobgoblin. You bite the hobgoblin.
You kill the hobgoblin!
Your Conjurations skill increases to level 1!
You open the door. You open the door.
There is an open door here.
You open the door.
A goblin comes into view. It is wielding a +0 club.
There is an open door here.
The goblin shouts!
The goblin misses you.
You scratch the goblin.
The goblin is severely wounded.
The goblin hits you with a +0 club.
You scratch the goblin but do no damage.
The goblin is severely wounded.
The goblin hits you with a +0 club.
Ouch! That really hurt!
You die...

# #.# #.# # ### #.#
#.# # #.. +.+ #.# #
#.# #.# #.# # #.# #.#
#.# #
###'###.###+###.# .#
'.............'.##.##
###'###.###+###.....#
# #.# #.# #.@...# #
#.# #.# #.#g..# # #..
+.+ #.#..## # ### #.#
#.#..# # #.# #..... #
#+# #...... ........
.. .#.##.


You could see a goblin.

Vanquished Creatures
  A goblin (D:1)
  A hobgoblin (D:1)
  A kobold (D:1)
  A frilled lizard (D:1)
4 creatures vanquished.

Vanquished Creatures (others)
  2 foxfires (D:1)
2 creatures vanquished.

Grand Total: 6 creatures vanquished

Notes
Turn   | Place    | Note
-------+----------+-------------------------------------------
     0 | D:1      | CurlyBrace the Felid Fire Elementalist began the quest for
                  | the Orb.
     0 | D:1      | Reached XP level 1. HP: 7/7 MP: 4/4
   143 | D:1      | Reached skill level 1 in Conjurations
   163 | D:1      | Slain by a goblin

Illustrated notes

Levels and vault maps discovered:
D:1:      nicolae_arrival_somewhat_less_tricky_arrival, layout_basic,
          chequers_ecumenical_altar_lobes, hex_tiny, minmay_door_square,
          hex_medium

Skill      XL: |  1 |
---------------+----+-----
Conjurations   | 1 |  1.0
Dodging        | |  2.6
Stealth        | |  2.8
Spellcasting   | |  2.1
Fire Magic     | |  2.8

Action                   || total
-------------------------++-------
Melee: Unarmed           ||     5
       Bite              ||     1
 Cast: Foxfire           ||     1
 Stab: Sleeping          ||     3
Dodge: Dodged            ||     1

Table legend: (Time is in decaauts)
 A = Elapsed time spent in this place.
 B = Non-inter-level travel time spent in this place.
 C = Inter-level travel time spent in this place.
 D = Time resting spent in this place.
 E = Time spent auto-exploring this place.
 F = Levels seen in this place.
 G = Mean time per level.
                   A        B        C        D        E       F      G
               +--------+--------+--------+--------+--------+-----+--------+
         Total |    133 |    133 |      0 |      0 |      0 |   1 |  133.0 |
       Dungeon |    133 |    133 |      0 |      0 |      0 |   1 |  133.0 |
               +--------+--------+--------+--------+--------+-----+--------+

Top non-repeatable levels by time:
     D:1: 133 daAuts
